 Dungeon Crawl Stone Soup version 0.31-a0-1-g4198be8af4 (webtiles) character file.

Game seed: 7295603386508488211

1635 sircluck the Cleaver (level 8, 0/71 HPs)
             Began as a Minotaur Fighter on May 2, 2023.
             Was an Initiate of Cheibriados.
             Slain by an orc warrior
             ... wielding a +0 mace
              (9 damage)
             ... on level 6 of the Dungeon.
             The game lasted 00:07:46 (6256 turns).

sircluck the Cleaver (Minotaur Fighter)             Turns: 6256, Time: 00:07:46

Health: 0/71       AC: 12    Str: 24    XL:     8   Next: 66%
Magic:  7/7        EV:  9    Int:  6    God:    Cheibriados [......]
Gold:   296        SH:  5    Dex: 11    Spells: 7/7 levels left

rFire   + . .        a - +1 war axe
rCold   . . .        c - +0 buckler
rNeg    . . .        p - +0 chain mail
rPois   .            (helmet restricted)
rElec   .            (no cloak)
rCorr   .            x - +0 pair of gloves
SInv    .            (no boots)
Will    .....        (no amulet) Stlth
                     h - ring of protection from fire
HPRegen 0.31/turn    (no ring)
MPRegen 0.10/turn

%: no passive effects
@: very slow
A: horns 2, retaliatory headbutt
a: Renounce Religion


You were on level 6 of the Dungeon.
You worshipped Cheibriados.
Cheibriados was noncommittal.
You visited 2 branches of the dungeon, and saw 8 of its levels.

You collected 296 gold pieces.

Inventory:

Hand Weapons
 a - a +1 war axe (weapon)
Missiles
 i - 53 stones
 k - 5 poisoned darts
 r - 4 silver javelins
Armour
 b - a +0 scale mail
 c - a +0 buckler (worn)
 p - a +0 chain mail (worn)
 x - a +0 pair of gloves (worn)
Jewellery
 h - a ring of protection from fire (left hand)
Wands
 g - a wand of digging (4)
 o - a wand of paralysis (5)
 s - a wand of mindburst (7)
Scrolls
 e - 3 scrolls of enchant weapon
 f - a scroll of noise
 j - 4 scrolls of identify
 l - a scroll of blinking
 m - a scroll of amnesia
 n - a scroll of fear
 q - a scroll of fog
Potions
 d - a potion of might
 v - 2 potions of brilliance


   Skills:
 + Level 6.5 Fighting
 + Level 8.6 Axes
 + Level 7.7 Armour
 + Level 2.6 Dodging
 + Level 1.2 Stealth
 + Level 5.2 Shields


You had 7 spell levels left.
You didn't know any spells.
Your spell library contained the following spells:

 Spells                   Type           Power      Damage    Failure   Level
 Ensorcelled Hibernation  Hex/Ice        0%         N/A       99%         2
 Lesser Beckoning         Tloc           0%         N/A       99%         2
 Scorch                   Fire           0%         2d5       99%         2
 Gell's Gravitas          Tloc           0%         N/A       100%        3
 Spider Form              Tmut/Pois      0%         N/A       100%        3
 Teleport Other           Tloc           0%         N/A       100%        3
 Anguish                  Hex/Necr       0%         N/A       100%        4
 Flame Wave               Conj/Fire      0%         2d4       100%        4
 Summon Cactus Giant      Summ           0%         N/A       100%        6


Dungeon Overview and Level Annotations

Branches:
Dungeon (7/15)             Temple (1/1) D:6

Altars:
Ashenzari
Cheibriados
Elyvilon
Gozag
Nemelex Xobeh
Okawaru
Qazlal
Trog
Uskayaw
Vehumet
Wu Jian
Xom
Yredelemnul
Zin
The Shining One


Innate Abilities, Weirdness & Mutations

You have a pair of horns on your head.
You reflexively headbutt those who attack you in melee.


Message History

The electric eel shoots out a bolt of lightning at you!
The bolt of electricity misses you.
The centaur shoots an arrow.
The arrow hits you.
The electric eel shoots out a bolt of lightning at you!
The bolt of electricity hits you!
There is a large open door here.
The orc warrior attacks as you move away!
The orc warrior closely misses you.
The orc warrior attacks as you move away!
You block the orc warrior's attack. The orc attacks as you move away!
The orc hits you but does no damage.
You closely miss the orc. You barely miss the orc warrior.
The orc warrior is lightly wounded.
You barely miss the orc warrior. You headbutt the orc warrior.
The orc warrior is lightly wounded.
The orc warrior hits you with a +0 mace.
You slash the orc warrior! Your headbutt misses the orc warrior.
The orc warrior is moderately wounded.
You block the orc warrior's attack.
You barely miss the orc warrior. Your headbutt misses the orc warrior.
The orc warrior is moderately wounded.
You block the orc warrior's attack.
You hit the orc warrior but do no damage.
The orc warrior is moderately wounded.
The orc warrior hits you with a +0 mace.
* * * LOW HITPOINT WARNING * * *
You block the orc warrior's attack.
You barely miss the orc warrior. Your headbutt misses the orc warrior.
The orc warrior is moderately wounded.
The orc warrior hits you with a +0 mace.
* * * LOW HITPOINT WARNING * * *
You closely miss the orc warrior. You headbutt the orc warrior!
The orc warrior is almost dead.
The orc warrior hits you with a +0 mace!
* * * LOW HITPOINT WARNING * * *
You closely miss the orc warrior. Your headbutt misses the orc warrior.
The orc warrior is almost dead.
The orc warrior hits you with a +0 mace!
You die...

...... ♣....♣ #....#
#...)# ≈.♣##♣.c..♣##♣.≈
≈..............≈
≈S≈≈≈≈≈..≈≈≈≈≈≈≈
##########h'########
#......@ooc....###.#####
......####o.###.#.##...#
##### #.... #..#
##.......# #PPP## ####
....# #####...# P...P###
.#.##.## ##!## P.>.P#.#
..#.##.# #.## P...P#.#
.......## #...
#P.P##.#######.......#
####
##'##...<....#.#..#..# #


You could see an orc warrior, a centaur, a hound and 2 orcs.

Vanquished Creatures
  A water moccasin (D:6)
  2 ice beasts
  An ogre (D:4)
  2 centaurs
  A phantom (D:6)
  2 bullfrogs
  3 scorpions (D:5)
  5 wights (D:7)
  4 hounds
  An orc priest (D:6)
  A sleepcap (D:5)
  3 orc wizards
  4 gnolls (D:3)
  7 adders
  A shadow imp (D:7)
  2 worms
  A dart slug (D:1)
  19 orcs
  5 bats
  9 endoplasms
  3 giant cockroaches
  3 hobgoblins
  10 kobolds
  7 ball pythons
  A frilled lizard (D:1)
  6 goblins
  3 rats
107 creatures vanquished.

Vanquished Creatures (others)
  An orc wizard (D:6)
1 creature vanquished.

Grand Total: 108 creatures vanquished

Notes
Turn   | Place    | Note
-------+----------+-------------------------------------------
     0 | D:1      | sircluck the Minotaur Fighter began the quest for the Orb.
     0 | D:1      | Reached XP level 1. HP: 19/19 MP: 0/0
   214 | D:1      | Reached XP level 2. HP: 27/27 MP: 1/1
   642 | D:2      | Reached XP level 3. HP: 19/33 MP: 2/2
   648 | D:2      | Reached skill level 3 in Axes
   966 | D:2      | Reached skill level 1 in Dodging
   966 | D:2      | Reached XP level 4. HP: 39/40 MP: 3/3
  1156 | D:2      | Identified the +0 robe of Absolutism {+Blink MP+9}
  1474 | D:3      | Found a shimmering altar of Xom.
  1474 | D:3      | Found a hide-covered altar of Uskayaw.
  2335 | D:4      | Noticed an ogre
  2339 | D:4      | Reached XP level 5. HP: 43/47 MP: 4/4
  2344 | D:4      | Killed an ogre
  2345 | D:4      | Reached skill level 4 in Axes
  2345 | D:4      | Reached skill level 5 in Armour
  2785 | D:4      | Reached XP level 6. HP: 53/53 MP: 5/5
  2793 | D:4      | Reached skill level 5 in Axes
  2922 | D:4      | Found a basalt altar of Yredelemnul.
  2941 | D:4      | Found an ornate altar of the Wu Jian Council.
  3081 | D:4      | Found a radiant altar of Vehumet.
  3125 | D:4      | Found a white marble altar of Elyvilon.
  3212 | D:4      | Found a glowing golden altar of the Shining One.
  3311 | D:4      | Noticed a spectral centipede
  3311 | D:4      | Noticed a spectral black mamba
  3311 | D:4      | Noticed a spectral cane toad
  3339 | D:5      | Entered Level 5 of the Dungeon
  3898 | D:5      | Reached skill level 5 in Fighting
  3898 | D:5      | Reached skill level 6 in Axes
  3898 | D:5      | Reached XP level 7. HP: 55/61 MP: 6/6
  4442 | D:6      | Reached skill level 1 in Stealth
  5311 | D:5      | You fall into a shaft and drop 2 floors!
  5337 | D:7      | Reached skill level 7 in Axes
  5369 | D:7      | Reached XP level 8. HP: 37/69 MP: 7/7
  5377 | D:7      | Reached skill level 5 in Shields
  5386 | D:7      | HP: 2/68 [wight/+0 spear (8)]
  5718 | D:7      | Reached skill level 8 in Axes
  5934 | D:6      | Found a staircase to the Ecumenical Temple.
  6093 | Temple   | Entered the Ecumenical Temple
  6134 | Temple   | Became a worshipper of Cheibriados the Contemplative
  6256 | D:6      | Slain by an orc warrior

Illustrated notes

Levels and vault maps discovered:
D:1:      saegor_arrival_simple_b, layout_basic, st_stairs_1
D:2:      layout_rooms, serial_bayou_pond_a, minmay_pentomino_q4
D:3:      cheibrodos_old_hovel, layout_rooms, nicolae_overflow_two_pavilions
D:4:      layout_cave_pods, pdpol_wu_jian_five_deadly_venoms, kennysheep_mini,
          nicolae_overflow_hidden_temple
D:5:      layout_loops_cross, serial_co_window_serial, co_window_paths_a,
          co_window_corner_a, co_window_paths_b, co_window_corner_a,
          co_window_paths_b, co_window_unsneaky_path_d, co_window_2corner,
          co_window_broadway_c, co_window_corner_b, co_window_corner_b,
          co_window_paths_d, glass_columns_a, glass_columns_c, glass_columns_a,
          glass_columns_c
D:6:      layout_loops_cross, nicolae_ru_the_path_less_chosen,
          old_standard_altar, minmay_temple_entry_enclosed_plants, st_stairs_8,
          kennysheep_dice
D:7:      layout_rooms
Temple:   nicolae_temple_ecumenical_triangle

Skill      XL: |  1  2  3  4  5  6  7  8 |
---------------+-------------------------+-----
Shields        | 4 5 |  5.2
Armour         | 4 5 6 7 |  7.7
Fighting       | 4 5 6 |  6.5
Axes           | 3 4 6 7 8 |  8.6
Dodging        | 1 2 |  2.6
Stealth        | 1 |  1.2

Action                     |  1- 3 |  4- 6 |  7- 9 || total
---------------------------+-------+-------+-------++-------
  Melee: War axe           |    64 |    85 |   117 ||   266
         Headbutt          |     6 |    13 |    22 ||    41
  Throw: Stone             |     1 |       |       ||     1
    Use: Scroll            |       |    11 |     2 ||    13
         Potion            |       |     3 |     1 ||     4
 Armour: Scale mail        |    33 |       |       ||    33
         Chain mail        |     1 |    45 |    74 ||   120
  Dodge: Dodged            |    41 |    40 |    47 ||   128
  Block: Buckler           |    16 |    22 |    33 ||    71

Table legend: (Time is in decaauts)
 A = Elapsed time spent in this place.
 B = Non-inter-level travel time spent in this place.
 C = Inter-level travel time spent in this place.
 D = Time resting spent in this place.
 E = Time spent auto-exploring this place.
 F = Levels seen in this place.
 G = Mean time per level.
                   A        B        C        D        E       F      G
               +--------+--------+--------+--------+--------+-----+--------+
         Total |   6363 |   5786 |    577 |   1575 |   3383 |   8 |  795.4 |
       Dungeon |   6301 |   5750 |    551 |   1575 |   3364 |   7 |  900.1 |
        Temple |     62 |     36 |     26 |      0 |     19 |   1 |   62.0 |
               +--------+--------+--------+--------+--------+-----+--------+

Top non-repeatable levels by time:
     D:5: 1803 daAuts
     D:4: 1191 daAuts
     D:3: 1059 daAuts
     D:1: 637 daAuts
     D:2: 634 daAuts
     D:6: 522 daAuts
     D:7: 453 daAuts
  Temple: 62 daAuts
